[Event "9th Sharjah Cup Women 2018"]
[Site "Sharjah"]
[Date "2018.12.17"]
[Round "6"]
[White "Al-Shamsi, Ousha"]
[Black "Boshra, Alshaeby"]
[Result "0-1"]
[ECO "B06"]
[WhiteElo "1429"]
[BlackElo "2019"]
[Annotator "NA"]
[PlyCount "31"]
[EventDate "2018.12.14"]
[EventType "swiss"]
[EventCountry "UAE"]
[SourceTitle "playchess.com"]
[Source "ChessBase"]
[SourceQuality "1"]
[TimeControl "5400+30"]

1. e4 g6 2. Nf3 Bg7 3. c3 d6 4. d4 Nd7 5. Bd3 e5 6. Be3 Ngf6 7. h3 O-O 8. O-O b6 9. Nbd2 Bb7 10. Rc1 Qe7 11. b4 d5 12. dxe5 (12. Nxe5 $11 {keeps the balance.} Nxe5 13. dxe5 Qxe5 14. f4) 12... Nxe4 $17 13. Re1 Nxe5 14. Bd4 Nxd3 15. Nxe4 Nxe1 16. Ra1 0-1

[Event "9th Sharjah Cup Women 2018"]
[Site "Sharjah"]
[Date "2018.12.18"]
[Round "7"]
[White "Socko, Monika"]
[Black "Stetsko, Lanita"]
[Result "1-0"]
[ECO "E06"]
[WhiteElo "2458"]
[BlackElo "2194"]
[Annotator "ChessBase"]
[PlyCount "57"]
[EventDate "2018.12.14"]
[EventType "swiss"]
[EventCountry "UAE"]
[SourceTitle "playchess.com"]
[Source "ChessBase"]
[SourceQuality "1"]
[TimeControl "5400+30"]

1. d4 Nf6 2. c4 e6 3. Nf3 d5 4. g3 Be7 5. Bg2 O-O 6. O-O dxc4 7. Ne5 Nc6 8. Bxc6 bxc6 9. Nxc6 Qe8 10. Nxe7+ Qxe7 11. Qc2 c5 12. Qxc4 cxd4 13. Qxd4 e5 14. Qh4 h6 15. Nc3 Qe6 16. e4 Bb7 17. f3 Nd7 18. g4 Nc5 19. Rd1 Ba6 20. Be3 Nd3 21. Rd2 Rfc8 22. Nd5 Rc1+ 23. Rxc1 Nxc1 24. Rc2 Ne2+ 25. Kf2 Nd4 26. Bxd4 exd4 27. Rc6 Qe8 28. Rxh6 gxh6 29. Qxh6 1-0

[Event "9th Sharjah Cup Women 2018"]
[Site "Sharjah"]
[Date "2018.12.18"]
[Round "7"]
[White "Szczepkowska, Karina"]
[Black "Gu, Xiaobing"]
[Result "1-0"]
[ECO "E94"]
[WhiteElo "2408"]
[BlackElo "2295"]
[Annotator "NA"]
[PlyCount "81"]
[EventDate "2018.12.14"]
[EventType "swiss"]
[EventCountry "UAE"]
[SourceTitle "playchess.com"]
[Source "ChessBase"]
[SourceQuality "1"]
[TimeControl "5400+30"]

1. d4 Nf6 2. c4 g6 3. Nc3 Bg7 4. e4 d6 5. Nf3 O-O 6. Be2 e5 7. O-O Na6 8. Re1 c6 9. Bf1 Bg4 10. d5 c5 11. h3 Bd7 12. a3 Ne8 13. Nh2 f5 14. exf5 gxf5 15. f4 e4 16. g4 Qh4 17. Be3 $11 fxg4 18. hxg4 Qg3+ 19. Bg2 Bxc3 20. bxc3 h5 21. f5 Ng7 22. Qc1 Rae8 23. Ra2 Qh4 24. Bg5 Qg3 25. Re3 Qe5 26. Rxe4 Qxe4 27. Bxe4 Rxe4 28. f6 Ne8 29. Qc2 Re1+ 30. Kf2 Re7 31. Kg2 Nxf6 32. Bh6 Ne4 33. Bxf8 Kxf8 34. Qc1 hxg4 35. Qh6+ Kf7 36. Qf4+ Kg6 37. Re2 Bf5 38. Nxg4 Nc7 39. Nh6 Bh3+ 40. Kxh3 Ng5+ 41. Qxg5+ 1-0

[Event "9th Sharjah Cup Women 2018"]
[Site "Sharjah"]
[Date "2018.12.18"]
[Round "7"]
[White "Bulmaga, Irina"]
[Black "Velikic, Adela"]
[Result "1-0"]
[ECO "C12"]
[WhiteElo "2391"]
[BlackElo "2298"]
[Annotator "NA"]
[PlyCount "71"]
[EventDate "2018.12.14"]
[EventType "swiss"]
[EventCountry "UAE"]
[SourceTitle "playchess.com"]
[Source "ChessBase"]
[SourceQuality "1"]
[TimeControl "5400+30"]

1. e4 e6 2. d4 d5 3. Nc3 Nf6 4. Bg5 Bb4 5. e5 h6 $11 {[%emt 0:00:00] LiveBook: 2403 Games} 6. Bh4 g5 7. Bg3 Ne4 8. Nge2 c5 9. a3 Bxc3+ 10. Nxc3 Nxc3 11. bxc3 Qa5 12. Qd2 Nc6 13. dxc5 Qxc5 14. Bd3 Bd7 15. O-O O-O-O 16. Kh1 Qe7 17. f4 Rdf8 18. c4 dxc4 19. Bxc4 h5 20. fxg5 h4 21. Bf4 h3 22. Qd6 hxg2+ 23. Kxg2 Qxd6 24. exd6 e5 25. Bg3 Bh3+ 26. Kg1 Bxf1 27. Rxf1 Nd8 28. Bxe5 Rh4 29. Bd3 Ne6 30. Bg3 Ra4 31. Bf5 Re8 32. Bh3 Kd8 33. Rxf7 Nxg5 34. Rd7+ Kc8 35. Rc7+ Kd8 36. Rc8# 1-0

[Event "9th Sharjah Cup Women 2018"]
[Site "Sharjah"]
[Date "2018.12.18"]
[Round "7"]
[White "Kulkarni Bhakti"]
[Black "Khukhashvili, Sopiko"]
[Result "1/2-1/2"]
[ECO "B22"]
[WhiteElo "2283"]
[BlackElo "2338"]
[Annotator "NA"]
[PlyCount "79"]
[EventDate "2018.12.14"]
[EventType "swiss"]
[EventCountry "UAE"]
[SourceTitle "playchess.com"]
[Source "ChessBase"]
[SourceQuality "1"]
[TimeControl "5400+30"]

1. e4 c5 2. c3 e6 3. d4 d5 4. exd5 exd5 5. Nf3 Be7 6. Bb5+ Bd7 7. Bxd7+ Nxd7 8. dxc5 Nxc5 9. O-O Nf6 10. Nd4 Qd7 11. Qf3 Qg4 12. Qe3 Qe4 13. f3 Qxe3+ 14. Bxe3 $11 a6 15. Nf5 Ne6 16. Nd2 g6 17. Nxe7 Kxe7 18. Nb3 Rac8 19. Rfe1 h6 20. Rad1 Kf8 21. Bf2 Kg7 22. Bg3 Rhd8 23. Be5 g5 24. Rd2 Kg6 25. Bxf6 Kxf6 26. Red1 Ke5 27. Nd4 Nxd4 28. Rxd4 b5 29. f4+ Ke6 30. Re1+ Kf6 31. Re5 Rc5 32. g3 Rd6 33. h3 Re6 34. Rexd5 Rxd5 35. Rxd5 gxf4 36. gxf4 Re2 37. Rd6+ Kf5 38. Rxa6 Rxb2 39. Rxh6 Rxa2 40. Rh5+ {[%emt 0:01:44] Ke5} 1/2-1/2

[Event "9th Sharjah Cup Women 2018"]
[Site "Sharjah"]
[Date "2018.12.18"]
[Round "7"]
[White "Nguyen, Thi Mai Hung"]
[Black "Cornette, Deimante"]
[Result "1/2-1/2"]
[ECO "E32"]
[WhiteElo "2280"]
[BlackElo "2455"]
[Annotator "ChessBase"]
[PlyCount "61"]
[EventDate "2018.12.14"]
[EventType "swiss"]
[EventCountry "UAE"]
[SourceTitle "playchess.com"]
[Source "ChessBase"]
[SourceQuality "1"]
[TimeControl "5400+30"]

1. d4 Nf6 2. c4 e6 3. Nc3 Bb4 4. Qc2 O-O 5. Bg5 h6 6. Bh4 d5 7. cxd5 exd5 8. e3 Be6 9. a3 Be7 10. Nf3 Nbd7 11. Be2 c6 12. O-O Ne4 13. Nxe4 Bxh4 14. Nxh4 Qxh4 15. Nc5 Nxc5 16. Qxc5 Rfc8 17. b4 Qd8 18. Rfc1 b6 19. Qc2 a5 20. Bd3 axb4 21. axb4 Rxa1 22. Rxa1 Ra8 23. Qb2 Rxa1+ 24. Qxa1 Qb8 25. h3 g6 26. Qa3 Qd6 27. Bc2 Kg7 28. Qc3 Kg8 29. Qa3 Kg7 30. Qc3 Kg8 31. Qa3 1/2-1/2

[Event "9th Sharjah Cup Women 2018"]
[Site "Sharjah"]
[Date "2018.12.18"]
[Round "7"]
[White "Enkhtuul, Altan-Ulzii"]
[Black "Bauyrzhan, Arnash"]
[Result "1/2-1/2"]
[ECO "D70"]
[WhiteElo "2267"]
[BlackElo "1978"]
[Annotator "NA"]
[PlyCount "199"]
[EventDate "2018.12.14"]
[EventType "swiss"]
[EventCountry "UAE"]
[SourceTitle "playchess.com"]
[Source "ChessBase"]
[SourceQuality "1"]
[TimeControl "5400+30"]

1. d4 d5 2. Nf3 Nf6 3. c4 c6 4. Nbd2 Bf5 5. g3 h6 6. Bg2 e6 7. O-O Nbd7 8. b3 Be7 9. Bb2 O-O 10. Ne5 Bd6 11. Re1 Qc7 12. Nxd7 Qxd7 13. f3 Rad8 14. e4 dxe4 15. Nxe4 Bb4 16. Nxf6+ gxf6 17. Rf1 e5 18. a3 Ba5 19. b4 Bc7 20. Qc1 Kh7 21. Rd1 Qc8 22. Kh1 exd4 23. Rxd4 Rxd4 24. Bxd4 Be5 25. Bxe5 fxe5 26. Qe3 Qb8 27. Rd1 Rd8 28. Rxd8 Qxd8 29. Qxa7 Qd1+ 30. Qg1 Qb3 31. h4 Qxc4 32. Qe1 Qd4 33. Kh2 Bc2 34. Qc1 Bf5 35. Qe1 Bc2 36. Qc1 Bf5 37. g4 Bd3 38. Kg3 Kg7 39. h5 Qd6 40. Qe3 Bc4 41. Qc3 Bd5 42. Kh3 Qf6 43. a4 Qf4 44. b5 cxb5 45. axb5 b6 46. Qd3 Bc4 47. Qd6 Bxb5 48. Qxb6 Be2 49. Qf2 Bd3 50. Qb2 Ba6 51. Qf2 Bd3 52. Qb2 Ba6 53. Qf2 Bd3 54. Qe1 Bb5 55. Qg3 Kf6 56. Qh4+ Kg7 57. Qg3 Kf6 58. Qf2 Kg7 59. Bf1 Bxf1+ 60. Qxf1 Kf6 61. Qa6+ Kg7 62. Qd3 Qc1 63. Kg2 Qb2+ 64. Kg3 Qc1 65. Kf2 Qb2+ 66. Ke3 Qc1+ 67. Ke4 Qf4+ 68. Kd5 Qf6 69. Qc3 Qe6+ 70. Ke4 f6 71. Qc7+ Kg8 72. Qd8+ Kg7 73. Qd5 Qc8 74. Qd6 Qc4+ 75. Ke3 Qc3+ 76. Ke2 Qc2+ 77. Ke1 Qc3+ 78. Ke2 Qc2+ 79. Ke3 Qc3+ 80. Ke2 Qc2+ 81. Ke1 Qc3+ 82. Kf2 Qd4+ 83. Qxd4 exd4 84. f4 f5 85. g5 hxg5 86. fxg5 f4 87. Ke2 Kf7 88. Ke1 Kg7 89. Ke2 Kf7 90. Ke1 Kg7 91. Ke2 Kf7 92. Kf3 d3 93. Kf2 Kg7 94. Kf3 Kf7 95. Kf2 Kg7 96. h6+ Kh7 97. Kf3 Kg6 98. Kf2 Kh7 99. Kf3 Kg6 100. Kf2 1/2-1/2

[Event "9th Sharjah Cup Women 2018"]
[Site "Sharjah"]
[Date "2018.12.18"]
[Round "7"]
[White "Drljevic, Ljilja"]
[Black "Greibrokk, Ingrid"]
[Result "1-0"]
[ECO "A00"]
[WhiteElo "2208"]
[BlackElo "1857"]
[Annotator "NA"]
[PlyCount "51"]
[EventDate "2018.12.14"]
[EventType "swiss"]
[EventCountry "UAE"]
[SourceTitle "playchess.com"]
[Source "ChessBase"]
[SourceQuality "1"]
[TimeControl "5400+30"]

1. g3 d5 2. Bg2 e5 3. c4 dxc4 4. Nc3 c6 5. Nf3 Bd6 6. Ne4 Nf6 7. Nxd6+ Qxd6 8. Qc2 b5 $11 ({Better is} 8... O-O $15) 9. a4 Bb7 10. b3 cxb3 11. Qxb3 a6 12. Ba3 Qd5 13. Qb4 c5 14. Qxc5 Qxc5 15. Bxc5 Ne4 16. Ba3 Ng5 17. O-O Nxf3+ 18. exf3 Nc6 19. f4 exf4 20. Rab1 fxg3 21. fxg3 Na5 22. Rbe1+ Kd8 23. Bb4 Nc6 24. Rxf7 Re8 25. Rb1 Kc8 26. Rc1 1-0

[Event "9th Sharjah Cup Women 2018"]
[Site "Sharjah"]
[Date "2018.12.18"]
[Round "7"]
[White "Abdulla, Khayala"]
[Black "Shanya Mishra"]
[Result "1-0"]
[ECO "B22"]
[WhiteElo "2190"]
[BlackElo "1978"]
[Annotator "NA"]
[PlyCount "69"]
[EventDate "2018.12.14"]
[EventType "swiss"]
[EventCountry "UAE"]
[SourceTitle "playchess.com"]
[Source "ChessBase"]
[SourceQuality "1"]
[TimeControl "5400+30"]

1. e4 c5 2. c3 Nf6 3. e5 Nd5 4. Nf3 e6 5. d4 cxd4 6. cxd4 d6 7. Nc3 Nxc3 8. bxc3 Qc7 9. Bd2 Nd7 10. exd6 Bxd6 11. Bd3 h6 12. O-O O-O 13. Qc1 Rd8 14. Rb1 b6 15. Re1 Nf8 16. Ne5 Bb7 17. Ng4 h5 18. Ne5 Nd7 19. f4 Nxe5 20. fxe5 Bf8 21. Bg5 Rdc8 22. Re3 g6 23. Bc2 Bd5 24. Rg3 Qc6 25. Qf4 Rc7 26. Bf6 Qe8 27. Qh4 Bg7 28. Qxh5 Rxc3 29. Bxg6 fxg6 30. Rxg6 Rc7 31. Qg5 Qf8 32. Rf1 Rf7 33. Rf2 Rc8 34. Bxg7 Qxg7 35. Rxf7 1-0

[Event "9th Sharjah Cup Women 2018"]
[Site "Sharjah"]
[Date "2018.12.18"]
[Round "7"]
[White "Babayan, Armine"]
[Black "Zozulia, Anna"]
[Result "0-1"]
[ECO "B32"]
[WhiteElo "2189"]
[BlackElo "2270"]
[Annotator "NA"]
[PlyCount "102"]
[EventDate "2018.12.14"]
[EventType "swiss"]
[EventCountry "UAE"]
[SourceTitle "playchess.com"]
[Source "ChessBase"]
[SourceQuality "1"]
[TimeControl "5400+30"]

1. e4 c5 2. Nf3 Nc6 3. d4 cxd4 4. Nxd4 Qb6 5. Nb3 Nf6 6. Nc3 e6 7. Bf4 Bb4 8. Bd3 d5 9. exd5 Nxd5 10. Bd2 Nxc3 11. bxc3 Be7 12. Qh5 g6 13. Qe2 Bf6 14. O-O O-O 15. Rab1 Qc7 16. Nc5 Bg7 17. Ne4 b6 18. Ng5 Bb7 19. Rfe1 e5 20. Qg4 Qe7 21. Qh3 h6 22. Nf3 Bc8 23. Qg3 Bb7 24. Nh4 Rad8 25. Rbd1 Qe6 26. Re4 g5 27. Rg4 Rxd3 28. cxd3 f5 29. Ra4 f4 30. Qf3 gxh4 31. Qh5 Qf5 32. Qxf5 Rxf5 33. f3 h3 34. gxh3 Bf8 35. Be1 b5 36. Re4 Nb8 37. Rb1 Bxe4 38. dxe4 Rg5+ 39. Kf1 a6 40. a4 Nd7 41. axb5 axb5 42. Rxb5 Bc5 43. Rb7 Rg7 44. Bh4 Nb6 45. Rb8+ Kf7 46. Bd8 Nc4 47. Rc8 Rg1+ 48. Ke2 Rg2+ 49. Kd1 Ne3+ 50. Ke1 Nc2+ 51. Kd1 Be3 0-1

[Event "9th Sharjah Cup Women 2018"]
[Site "Sharjah"]
[Date "2018.12.18"]
[Round "7"]
[White "Mona, Khaled"]
[Black "Al Maamari, Wafia Darwish"]
[Result "1-0"]
[ECO "A46"]
[WhiteElo "2158"]
[BlackElo "1829"]
[Annotator "NA"]
[PlyCount "79"]
[EventDate "2018.12.14"]
[EventType "swiss"]
[EventCountry "UAE"]
[SourceTitle "playchess.com"]
[Source "ChessBase"]
[SourceQuality "1"]
[TimeControl "5400+30"]

1. d4 Nf6 2. Nf3 e6 3. e3 b6 4. Bd3 Bb7 5. O-O d5 6. Ne5 $11 {[%emt 0:00:08] LiveBook: 114 Games} Bd6 7. f4 O-O 8. Nd2 c5 9. b3 Nc6 10. Bb2 Rc8 11. a3 Ne7 12. Qf3 b5 13. dxc5 Bxc5 14. Kh1 Nf5 15. Rfe1 Qb6 16. Ng4 Nxg4 17. Qxg4 g6 18. e4 Ne3 19. Qh3 f5 20. exf5 exf5 21. Qh6 Rf7 22. h3 Bf8 23. Qh4 Nxc2 24. Nf3 Nxe1 25. Rxe1 Bc5 26. Re2 d4 27. Ne5 Re7 28. Qf2 Rce8 29. b4 Bd6 30. Bxd4 Qa6 31. Qh4 Bxe5 32. Bxe5 Qxa3 33. Bxb5 Qxb4 34. Rb2 Qe4 35. Bxe8 Rxe8 36. Qf6 Rxe5 37. fxe5 Qc6 38. e6 Qc1+ 39. Kh2 Qc7+ 40. g3 1-0

[Event "9th Sharjah Cup Women 2018"]
[Site "Sharjah"]
[Date "2018.12.18"]
[Round "7"]
[White "Mezioud, Amina"]
[Black "Kiolbasa, Oliwia"]
[Result "1/2-1/2"]
[ECO "C77"]
[WhiteElo "2065"]
[BlackElo "2244"]
[Annotator "NA"]
[PlyCount "64"]
[EventDate "2018.12.14"]
[EventType "swiss"]
[EventCountry "UAE"]
[SourceTitle "playchess.com"]
[Source "ChessBase"]
[SourceQuality "1"]
[TimeControl "5400+30"]

1. e4 e5 2. Nf3 Nc6 3. Bb5 a6 4. Ba4 Nf6 5. Qe2 b5 6. Bb3 $11 {[%emt 0:00:06] LiveBook: 1069 Games} Bc5 7. d3 O-O 8. O-O h6 9. c3 d6 10. Rd1 Re8 11. h3 Bb7 12. Nbd2 Bb6 13. Nf1 Ne7 14. Ng3 c5 15. Nh4 d5 16. Bc2 Qc7 17. Qf3 Qc6 18. Re1 dxe4 19. dxe4 Kh7 20. Nhf5 Nxf5 21. Nxf5 Ng8 22. c4 Ba5 23. cxb5 axb5 24. Rd1 Rad8 25. Be3 c4 26. Rac1 Qf6 27. Bc5 Bc7 28. a3 Qc6 29. Be3 Rxd1+ 30. Rxd1 Rd8 31. Rxd8 Bxd8 32. Qd1 Bc7 1/2-1/2

[Event "9th Sharjah Cup Women 2018"]
[Site "Sharjah"]
[Date "2018.12.18"]
[Round "7"]
[White "Samaganova, Alexandra"]
[Black "Amal Fadel S M Alshamsi"]
[Result "1-0"]
[ECO "A10"]
[WhiteElo "2038"]
[BlackElo "1520"]
[Annotator "NA"]
[PlyCount "33"]
[EventDate "2018.12.14"]
[EventType "swiss"]
[EventCountry "UAE"]
[SourceTitle "playchess.com"]
[Source "ChessBase"]
[SourceQuality "1"]
[TimeControl "5400+30"]

1. c4 b6 2. Nf3 Bb7 3. e3 Nf6 4. Nc3 e6 5. d4 d5 6. cxd5 Nxd5 7. Bd3 Nxc3 8. bxc3 Bd6 9. e4 O-O 10. O-O c5 11. Re1 $11 f5 12. exf5 exf5 13. Bc4+ Kh8 14. Ng5 h6 15. Qh5 cxd4 16. Qg6 hxg5 17. Qh5# {[%emt 0:00:06] Bc8} 1-0

[Event "9th Sharjah Cup Women 2018"]
[Site "Sharjah"]
[Date "2018.12.18"]
[Round "7"]
[White "Boshra, Alshaeby"]
[Black "Gevorgyan, Irina"]
[Result "0-1"]
[ECO "D30"]
[WhiteElo "2019"]
[BlackElo "2301"]
[Annotator "NA"]
[PlyCount "58"]
[EventDate "2018.12.14"]
[EventType "swiss"]
[EventCountry "UAE"]
[SourceTitle "playchess.com"]
[Source "ChessBase"]
[SourceQuality "1"]
[TimeControl "5400+30"]

1. d4 d5 2. c4 e6 3. Nf3 c6 4. e3 Bd6 5. Nbd2 f5 6. Be2 Nf6 7. a3 Nbd7 8. b4 O-O 9. Bb2 Ne4 10. O-O Qf6 11. b5 cxb5 12. cxd5 exd5 13. Bxb5 Qe7 14. Qb3 Ndf6 15. Nxe4 fxe4 16. Ne5 Be6 17. a4 Ng4 18. Nxg4 Bxg4 19. h3 Be6 20. Ba3 Rad8 21. Ra2 Qg5 22. Bxd6 Rxd6 23. Kh2 a6 24. Be2 Bxh3 25. gxh3 Rh6 26. f4 Qf5 27. Bg4 Qxg4 28. Qxd5+ Kh8 29. Qb3 Qe6 0-1

[Event "9th Sharjah Cup Women 2018"]
[Site "Sharjah"]
[Date "2018.12.18"]
[Round "7"]
[White "Novikova, Margarita"]
[Black "Mkrtchian, Lilit"]
[Result "0-1"]
[ECO "A47"]
[WhiteElo "2017"]
[BlackElo "2392"]
[Annotator "NA"]
[PlyCount "118"]
[EventDate "2018.12.14"]
[EventType "swiss"]
[EventCountry "UAE"]
[SourceTitle "playchess.com"]
[Source "ChessBase"]
[SourceQuality "1"]
[TimeControl "5400+30"]

1. d4 Nf6 2. Nf3 b6 3. Bf4 Bb7 4. e3 d6 5. Nbd2 Nh5 6. Bg5 h6 7. Bh4 g5 8. Ng1 Ng7 9. Bg3 Nf5 10. Qh5 e6 11. c3 Nd7 12. e4 Nf6 13. Qe2 Nxg3 $11 14. hxg3 Bg7 15. O-O-O Qe7 16. Qb5+ Qd7 17. f3 Qxb5 18. Bxb5+ Ke7 19. g4 h5 20. gxh5 Nxh5 21. Ne2 Rac8 22. Rhe1 c5 23. Nf1 a6 24. Ba4 cxd4 25. Nxd4 Nf4 26. g3 Ng6 27. Kb1 Be5 28. Ne3 Rh3 29. Rg1 Kf8 30. Ne2 Rh2 31. Rde1 Rf2 32. Rgf1 Rxf3 33. Rxf3 Bxe4+ 34. Bc2 Bxf3 35. Bxg6 Bxe2 36. Be4 Bb5 37. g4 Kg7 38. a4 Bxa4 39. Bb7 Rh8 40. Bxa6 Bg3 41. Rf1 Bc6 42. Bd3 Bf4 43. Nc2 Rh3 44. Be2 Be4 45. Bd1 Rh2 46. b4 Be5 47. Kb2 Rd2 48. Re1 d5 49. Kc1 Bxc3 50. Re3 Bxc2 51. Bxc2 Bxb4 52. Rb3 Rd4 53. Bd1 e5 54. Rf3 Rxg4 55. Rf5 Rc4+ 56. Kb1 f6 57. Bb3 Rf4 58. Rxf4 exf4 59. Bxd5 f5 0-1

[Event "9th Sharjah Cup Women 2018"]
[Site "Sharjah"]
[Date "2018.12.18"]
[Round "7"]
[White "Alattar, Ghayda M."]
[Black "Soyunlu, Narmin"]
[Result "0-1"]
[ECO "C54"]
[WhiteElo "1944"]
[BlackElo "2078"]
[Annotator "NA"]
[PlyCount "68"]
[EventDate "2018.12.14"]
[EventType "swiss"]
[EventCountry "UAE"]
[SourceTitle "playchess.com"]
[Source "ChessBase"]
[SourceQuality "1"]
[TimeControl "5400+30"]

1. e4 e5 2. Nf3 Nc6 3. d4 exd4 4. Bc4 Bc5 $11 {[%emt 0:00:44] LiveBook: 403 Games} 5. c3 Nf6 6. e5 d5 7. Bb5 Ne4 8. Nxd4 O-O 9. Bxc6 bxc6 10. O-O Re8 11. Be3 Bd7 12. f3 Nd6 13. f4 f6 14. Kh1 Bb6 15. Qh5 Nc4 16. Bf2 fxe5 17. Bh4 Qc8 18. fxe5 Nxe5 19. h3 Bxh3 20. Bf6 Bg4 21. Qg5 Ng6 22. Bxg7 Kxg7 23. Nd2 Re5 24. Qf6+ Kh6 25. N2f3 Rh5+ 26. Kg1 Qd8 27. Ne5 Rxe5 28. Qxc6 Bd7 29. Qb7 Rb8 30. Qa6 Bb5 31. Qxb5 Bxd4+ 32. cxd4 Rxb5 33. dxe5 Nxe5 34. Rae1 Qg5 0-1

[Event "9th Sharjah Cup Women 2018"]
[Site "Sharjah"]
[Date "2018.12.18"]
[Round "7"]
[White "Nass, Sara"]
[Black "Berke, Ana"]
[Result "0-1"]
[ECO "B56"]
[WhiteElo "1840"]
[BlackElo "2151"]
[Annotator "NA"]
[PlyCount "50"]
[EventDate "2018.12.14"]
[EventType "swiss"]
[EventCountry "UAE"]
[SourceTitle "playchess.com"]
[Source "ChessBase"]
[SourceQuality "1"]
[TimeControl "5400+30"]

1. e4 c5 2. Nf3 d6 3. d4 cxd4 4. Nxd4 Nf6 5. Nc3 Nc6 6. Be3 Ng4 $11 {[%emt 0:00:00] LiveBook: 420 Games} 7. Bg5 h6 8. Bh4 g5 9. Bg3 Bg7 10. Nf5 Bxf5 11. exf5 Qa5 12. Qd2 Qxf5 13. f3 Qe6+ 14. Kd1 Ne3+ 15. Kc1 Nxf1 16. Rxf1 O-O 17. Nd5 Rac8 18. Re1 Qd7 19. f4 g4 20. Bh4 Rfe8 21. c3 b5 22. Kd1 b4 23. cxb4 Nd4 24. Nc3 Rc4 25. b5 Nf3 0-1

[Event "9th Sharjah Cup Women 2018"]
[Site "Sharjah"]
[Date "2018.12.18"]
[Round "7"]
[White "Mork, Ramona"]
[Black "Hallaeva, Bahar"]
[Result "0-1"]
[ECO "C44"]
[WhiteElo "1755"]
[BlackElo "2133"]
[Annotator "NA"]
[PlyCount "218"]
[EventDate "2018.12.14"]
[EventType "swiss"]
[EventCountry "UAE"]
[SourceTitle "playchess.com"]
[Source "ChessBase"]
[SourceQuality "1"]
[TimeControl "5400+30"]

1. e4 e5 2. Nf3 Nc6 3. d4 exd4 4. Nxd4 Nf6 5. Nxc6 bxc6 6. Bd3 d5 7. exd5 cxd5 8. h3 Be7 9. O-O O-O 10. b3 c5 11. Nd2 Bb7 12. Re1 Qc7 13. Bb2 a6 14. Be5 Qc6 15. Qf3 Rfe8 16. Re2 Nd7 17. Bb2 Bf6 18. Bxf6 Nxf6 19. Rae1 Rxe2 20. Rxe2 Re8 21. Rxe8+ Qxe8 22. Qe3 Qxe3 23. fxe3 Kf8 24. Kf2 Ke7 25. c4 h6 26. a3 dxc4 27. Nxc4 Ne4+ 28. Bxe4 Bxe4 29. Nd2 Bd5 30. e4 Be6 31. b4 Kd6 32. Ke3 Ba2 33. Kd3 Kc6 34. Kc3 Kb5 35. h4 h5 36. g3 Be6 37. Nf3 Bg4 38. Ne5 Be6 39. Nf3 Kc6 40. Ne5+ Kd6 41. Nc4+ Kc6 42. Ne5+ Kb5 43. Nf3 Bg4 44. Ne5 Be6 45. Nf3 Bd7 46. Ne5 Be8 47. Nf3 Bc6 48. Nd2 cxb4+ 49. axb4 f6 50. Nc4 Bd7 51. Ne3 Kc6 52. Kd4 Kb5 53. Kc3 Kc6 54. Kd4 Kd6 55. Nc4+ Ke6 56. Ne3 Bb5 57. Ng2 g5 58. Ne3 Be2 59. Nd5 Bf1 60. Nc7+ Kd7 61. Nd5 Ke6 62. Nc7+ Ke7 63. Nd5+ Kf7 64. Kc5 Bd3 65. Kd4 Be2 66. Kc5 Ke6 67. Kd4 Kf7 68. Kc5 Bf1 69. Kd4 Kg6 70. Ne7+ Kg7 71. Nd5 Kf7 72. Ne3 Be2 73. Nd5 Bg4 74. Nc7 Be2 75. Kc5 Bd3 76. Kd4 Bf1 77. Kc5 Bd3 78. Kd4 Bf1 79. Kc5 Ke7 80. Nd5+ Ke6 81. Kd4 Be2 82. Nc7+ Kf7 83. Kc5 Kg6 84. Nd5 Bf3 85. Kd4 Bg4 86. Nc7 Be2 87. Nd5 Kg7 88. Ke3 Bg4 89. Nc7 Bc8 90. Kd4 Kf7 91. Kc5 Bb7 92. Kb6 Bxe4 93. Nxa6 gxh4 94. gxh4 f5 95. Kc5 Bb7 96. b5 Kf6 97. Kd4 f4 98. Nc5 Ba8 99. Ne4+ Kf5 100. Nf2 Bb7 101. b6 Ba6 102. Nd3 Kg4 103. Nc5 Bc8 104. Ke4 Kg3 105. Ne6 Bb7+ 106. Kd3 f3 107. Nc5 f2 108. Nxb7 f1=Q+ 109. Kd4 Qf2+ 0-1

[Event "9th Sharjah Cup Women 2018"]
[Site "Sharjah"]
[Date "2018.12.18"]
[Round "7"]
[White "Al Ghafri, Wafia"]
[Black "Ovezdurdiyeva, Jemal"]
[Result "0-1"]
[ECO "E63"]
[WhiteElo "1675"]
[BlackElo "2114"]
[Annotator "NA"]
[PlyCount "32"]
[EventDate "2018.12.14"]
[EventType "swiss"]
[EventCountry "UAE"]
[SourceTitle "playchess.com"]
[Source "ChessBase"]
[SourceQuality "1"]
[TimeControl "5400+30"]

1. d4 Nf6 2. Nf3 g6 3. g3 Bg7 4. Bg2 O-O 5. O-O d6 6. c4 Nc6 $14 {[%emt 0:00:10] LiveBook: 5671 Games} 7. Nc3 a6 8. a4 Na5 9. Nd2 c5 10. dxc5 dxc5 11. h3 Be6 12. b3 Qd7 13. g4 Nxg4 14. Bb2 Nh6 15. Kh2 Rad8 16. Nde4 Qc7+ 0-1

[Event "9th Sharjah Cup Women 2018"]
[Site "Sharjah"]
[Date "2018.12.18"]
[Round "7"]
[White "Choksi, Khushi"]
[Black "Asatryan, Sona"]
[Result "0-1"]
[ECO "C21"]
[WhiteElo "1589"]
[BlackElo "2089"]
[Annotator "NA"]
[PlyCount "88"]
[EventDate "2018.12.14"]
[EventType "swiss"]
[EventCountry "UAE"]
[SourceTitle "playchess.com"]
[Source "ChessBase"]
[SourceQuality "1"]
[TimeControl "5400+30"]

1. e4 e5 2. d4 exd4 3. c3 d3 4. Bxd3 Nc6 5. Nf3 d6 6. h3 Nf6 7. O-O Be7 8. Bf4 h6 9. Nbd2 Be6 10. Qe2 $14 O-O 11. e5 dxe5 12. Nxe5 Nxe5 13. Bxe5 Nd7 14. Bd4 c5 15. Be3 Qb6 16. Nf3 Rad8 17. a4 Rfe8 18. Bb5 Qc7 19. Bc4 Bf6 20. Rad1 Bf5 21. Bd3 Bxd3 22. Qxd3 Ne5 23. Qe2 Qc6 24. Nxe5 Bxe5 25. Qc4 Bd6 26. b3 a6 27. Rd2 Re4 28. Qe2 Rde8 29. Qf3 R8e6 30. Rfd1 Be7 31. Rd5 c4 32. bxc4 Qxc4 33. Rd7 Qxa4 34. Rxb7 Rf6 35. Qe2 Qc6 36. Rb8+ Kh7 37. Qc2 Rg6 38. Rb6 Qa4 39. Qxa4 Rxa4 40. Rxg6 Kxg6 41. Rd7 Ra1+ 42. Kh2 Bf6 43. Rd6 Kf5 44. c4 Be5+ 0-1

[Event "9th Sharjah Cup Women 2018"]
[Site "Sharjah"]
[Date "2018.12.18"]
[Round "7"]
[White "Rouda Essa, Alserkal"]
[Black "Patil, Mitali"]
[Result "1/2-1/2"]
[ECO "B01"]
[WhiteElo "1525"]
[BlackElo "2081"]
[Annotator "NA"]
[PlyCount "98"]
[EventDate "2018.12.14"]
[EventType "swiss"]
[EventCountry "UAE"]
[SourceTitle "playchess.com"]
[Source "ChessBase"]
[SourceQuality "1"]
[TimeControl "5400+30"]

1. e4 d5 2. exd5 Nf6 3. Bb5+ Bd7 4. Be2 Nxd5 $14 {[%emt 0:00:34] LiveBook: 377 Games} 5. d4 Bf5 6. Nf3 e6 7. O-O Be7 8. a3 O-O 9. c4 Nf6 10. Nc3 Nbd7 11. h3 Ne4 12. Be3 Nxc3 13. bxc3 c5 14. Qb3 Qc7 15. Rad1 Rfd8 16. Nd2 Rac8 17. f4 Nf6 18. Bf3 b6 19. Rc1 Bd3 20. Rfd1 Bd6 21. g3 h5 22. h4 Ng4 23. Bxg4 hxg4 24. Re1 Qb7 25. Bf2 Be7 26. a4 Rd7 27. Qd1 Bf5 28. Qe2 Qa6 29. Qd1 cxd4 30. cxd4 Ba3 31. Ra1 Bb2 32. Ra2 Bxd4 33. Bxd4 Rxd4 34. Qe2 Rcd8 35. Rc1 Rd3 36. Kh2 Qa5 37. Nf1 R8d4 38. Rcc2 Rf3 39. Rd2 Bd3 40. Qd1 Qc3 41. Rf2 Qxc4 42. Rad2 Rd5 43. Rxf3 gxf3 44. Ne3 Be2 45. Qe1 Rxd2 46. Nxc4 Ra2 47. Nd2 Rxa4 48. Qf2 Ra2 49. Nxf3 Bc4 1/2-1/2